Penguins vs Maple Leafs

Created - February 1, 2022 at 20:09

Goals
1 2 3 T
Penguins 1 1 0 2
Maple Leafs 2 2 1 5
Shots
1 2 3 T
Penguins 12 7 9 28
Maple Leafs 11 13 12 36

1st period

1. Maple Leafs , Beau Bennett 6 (Bo Horvat 10, Hampus Lindholm 20) at 3:12
2. Penguins , Nikita Kucherov 16 (Steven Stamkos 22, Sean Zimmerman 7) at 13:27
3. Maple Leafs , Patrice Cormier 4 (Tim Schaller 3) at 17:01

Penalties :
Keith Aulie (Pit) for Holding Stick (Minor) at 6:55, Nikita Kucherov (Pit) for Close Hand On Puck (Minor) at 14:28

2nd period

4. Maple Leafs , Bo Horvat 3 (Beau Bennett 5, Pontus Aberg 5) at 0:30
5. Penguins , Jason Zucker 5 (Teuvo Teravainen 8, Derek Stepan 19) at 17:09 (PP)
6. Maple Leafs , Logan Couture 3 (Pontus Aberg 6, Jake Guentzel 10) at 19:29

Penalties :
Joe Colborne (Pit) for Slashing (Minor) at 1:37, Logan Couture (TOR) for Slashing (Minor) at 16:30

3rd period

7. Maple Leafs , Patrice Cormier 5 (Tim Schaller 4, Braydon Coburn 4) at 5:59

Penalties :
Sean Zimmerman (Pit) for Hooking (Minor) at 0:26, Steven Stamkos (Pit) for Diving (Minor) at 3:05, Jacob Markstrom (Pit) for Delaying the game (Minor) at 9:03 - Teuvo Teravainen served the penalty, Brandon Saad (TOR) for Roughing (Minor) at 11:11

Goalie Stats

Jacob Markstrom (Pit), 31 saves from 36 shots - (0.861), L, 13-8-2, 60:00 minutes
John Gibson (TOR), 26 saves from 28 shots - (0.929), W, 8-7-0, 60:00 minutes

Players Stats for Penguins

Player Name              G  A  P  +/- PIM S  H  SB GA TA FO     MP     PP MP  PK MP  
------------------------------------------------------------------------------------
Andrew Cogliano          0  0  0  -1  0   1  2  0  0  0  0/0    18:43   0:53   1:59 
Brandon Tanev            0  0  0   0  0   0  0  0  1  0  0/1     6:46   0:00   0:00 
Cal Clutterbuck          0  0  0  -2  0   2  5  0  0  0  1/1    17:19   0:00   6:55 
Derek Stepan             0  1  1  -1  0   3  1  0  0  0  11/20  16:41   1:45   2:10 
Jason Zucker             1  0  1  -2  0   2  1  0  0  0  0/0    11:14   1:45   0:00 
Jeff Skinner             0  0  0  -1  0   1  0  0  2  0  0/0    13:56   1:07   0:00 
Joe Colborne             0  0  0  -2  2   2  1  1  1  0  1/4    13:52   0:00   2:32 
Keith Aulie              0  0  0   0  2   0  0  3  1  0  0/0    19:51   1:31   3:33 
Lars Eller               0  0  0   0  0   2  0  0  0  0  0/1     6:46   0:00   0:00 
Marcus Foligno           0  0  0   0  0   0  1  1  0  0  0/2    12:37   1:31   4:07 
Nikita Kucherov          1  0  1  -1  2   2  0  0  3  1  1/2    16:19   0:53   0:00 
Oliver Ekman-Larsson     0  0  0  -2  0   2  0  0  1  1  0/0    28:25   1:07   7:48 
Olli Maatta              0  0  0  -2  0   1  1  0  0  0  0/0    12:48   0:00   1:35 
Radko Gudas              0  0  0   0  0   0  1  0  0  0  0/0    19:15   0:00   4:26 
Sean Zimmerman           0  1  1  -2  2   3  2  4  0  1  0/0    25:42   0:00   6:26 
Steven Stamkos           0  1  1  -1  2   5  2  0  0  1  15/33  22:39   0:53   6:05 
Teuvo Teravainen         0  1  1  -1  0   2  1  0  1  0  0/2    14:17   1:45   0:00 
Will Butcher             0  0  0  -2  0   0  0  0  0  0  0/0    10:51   0:00   0:00 

Players Stats for Maple Leafs

Player Name              G  A  P  +/- PIM S  H  SB GA TA FO     MP     PP MP  PK MP  
------------------------------------------------------------------------------------
Beau Bennett             1  1  2   2  0   2  1  0  0  0  0/0     8:41   0:01   0:00 
Bo Horvat                1  1  2   2  0   4  4  0  1  0  2/7    16:06   5:52   0:31 
Brandon Saad             0  0  0   2  2   0  0  1  0  0  0/0     9:18   0:01   0:00 
Brayden Schenn           0  0  0  -1  0   2  0  0  0  0  21/40  23:33   6:01   1:52 
Braydon Coburn           0  1  1   4  0   0  0  0  0  0  0/0    13:09   0:00   1:44 
Claude Giroux            0  0  0  -1  0   4  0  1  1  0  2/2    23:36   6:01   1:52 
Hampus Lindholm          0  1  1  -1  0   1  3  2  0  2  0/0    25:31   6:29   0:54 
Jake Guentzel            0  1  1   1  0   2  1  2  1  0  0/0    19:17   5:52   0:50 
John Klingberg           0  0  0   1  0   2  0  4  0  2  0/0    23:31   5:25   0:54 
Jon Merrill              0  0  0   1  0   1  0  3  1  2  0/0    23:26   5:25   1:44 
JT Compher               0  0  0   2  0   2  0  0  0  0  0/0     8:42   0:00   0:00 
Logan Couture            1  0  1   1  2   2  3  1  0  0  5/7    17:57   5:52   0:11 
Patrice Cormier          2  0  2   2  0   3  0  1  0  0  5/8     8:51   0:01   0:00 
Patrick Kane             0  0  0  -1  0   5  3  0  0  0  1/1    21:46   6:01   0:00 
Pontus Aberg             0  2  2   1  0   1  0  0  0  1  1/1    11:26   0:00   0:00 
Ryan Parent              0  0  0   4  0   2  0  0  0  0  0/0    10:10   0:00   0:00 
Tim Schaller             0  2  2   2  0   1  1  0  0  0  0/0     8:49   0:00   0:00 
Zach Werenski            0  0  0  -1  0   2  0  3  0  3  0/0    23:31   6:29   0:00 

3 Stars

1 - Patrice Cormier (TOR)
2 - Bo Horvat (TOR)
3 - Beau Bennett (TOR)

Power Play

Penguins - 1 on 2 Attempt(s) - 50.00%
Maple Leafs - 0 on 6 Attempt(s) - 0.00%

Penalty Kill

Penguins - 6 on 6 Attempt(s) - 100.00% - Score 0 goal in Penalty Kill
Maple Leafs - 1 on 2 Attempt(s) - 50.00% - Score 0 goal in Penalty Kill

Team Stat

Penguins - Hits : 18 - Faceoff Wins : 29 - Blocked Shots : 9 - Penalty Minutes : 12
Maple Leafs - Hits : 16 - Faceoff Wins : 37 - Blocked Shots : 18 - Penalty Minutes : 4

Official

Referees : Trevor Hanson and Kendrick Nicholson
Linesman : Libor Suchanek and Mark Shewchyk

Game Notes

17:01 of 1st period - Maple Leafs goal is going for a video replay. After video review, Goal.

Finance

Level 1 -- Attendance: 6000 (100.00%) -- Ticket Income $600,000
Level 2 -- Attendance: 4644 (92.88%) -- Ticket Income $278,640
Level 3 -- Attendance: 1893 (94.65%) -- Ticket Income $66,255
Level 4 -- Attendance: 3740 (93.50%) -- Ticket Income $93,500
Luxury Box -- Attendance: 989 (98.90%) -- Ticket Income $197,800
Game was played at the Scotiabank Arena.
Total Attendance: 17266 (95.92%)
Total Ticket Income: $1,236,195
Other Income: $185,429
Total Income: $1,421,624

Penguins

5 vs 5 Forward 
   Center                   Left Wing                Right Wing               Time % Phy DF OF 
 1 Steven Stamkos           Andrew Cogliano          Nikita Kucherov          40     1   2  2  
 2 Derek Stepan             Jeff Skinner             Teuvo Teravainen         30     1   2  2  
 3 Joe Colborne             Jason Zucker             Cal Clutterbuck          20     1   2  2  
 4 Lars Eller               Brandon Tanev            Marcus Foligno           10     1   2  2  

5 vs 5 Defense 
   Defense                  Defense                                           Time % Phy DF OF 
 1 Sean Zimmerman           Oliver Ekman-Larsson                              40     1   2  2  
 2 Keith Aulie              Radko Gudas                                       30     1   2  2  
 3 Olli Maatta              Will Butcher                                      20     1   2  2  
 4 Sean Zimmerman           Oliver Ekman-Larsson                              10     1   2  2  

PowerPlay Forward 
   Center                   Left Wing                Right Wing               Time % Phy DF OF 
 1 Steven Stamkos           Andrew Cogliano          Nikita Kucherov          60     1   2  2  
 2 Derek Stepan             Jason Zucker             Teuvo Teravainen         40     1   2  2  

PowerPlay Defense
   Defense                  Defense                                           Time % Phy DF OF 
 1 Jeff Skinner             Oliver Ekman-Larsson                              60     1   2  2  
 2 Keith Aulie              Marcus Foligno                                    40     1   2  2  

Penalty Kill 4 Players Forward 
   Center                   Wing                     Time % Phy DF OF 
 1 Steven Stamkos           Cal Clutterbuck          60     1   2  2  
 2 Joe Colborne             Marcus Foligno           40     1   2  2  

Penalty Kill 4 Players Defense
   Defense                  Defense                  Time % Phy DF OF 
 1 Sean Zimmerman           Oliver Ekman-Larsson     60     1   2  2  
 2 Keith Aulie              Radko Gudas              40     1   2  2  

Penalty Kill - 3 Players Forward 
   Forward                                           Time % Phy DF OF 
 1 Cal Clutterbuck                                   60     1   2  2  
 2 Joe Colborne                                      40     1   2  2  

Penalty Kill - 3 Players Defense
   Defense                  Defense                  Time % Phy DF OF 
 1 Sean Zimmerman           Oliver Ekman-Larsson     60     1   2  2  
 2 Keith Aulie              Radko Gudas              40     1   2  2  

4 vs 4 Forward 
   Center                   Wing                     Time % Phy DF OF 
 1 Steven Stamkos           Andrew Cogliano          60     1   2  2  
 2 Derek Stepan             Nikita Kucherov          40     1   2  2  

4 vs 4 Defense
   Defense                  Defense                  Time % Phy DF OF 
 1 Sean Zimmerman           Oliver Ekman-Larsson     60     1   2  2  
 2 Keith Aulie              Radko Gudas              40     1   2  2  

Last Minutes Offensive
   Center                   Left Wing                Right Wing               Defense                  Defense                  
   Steven Stamkos           Andrew Cogliano          Nikita Kucherov          Sean Zimmerman           Oliver Ekman-Larsson     

Last Minutes Defensive
   Center                   Left Wing                Right Wing               Defense                  Defense                  
   Steven Stamkos           Andrew Cogliano          Cal Clutterbuck          Sean Zimmerman           Oliver Ekman-Larsson     

Goaltenders
Starting : Jacob Markstrom          
Backup : Cam Talbot               

Extra Forwards
Normal : Andrew Cogliano, Teuvo Teravainen, Marcus Foligno - PP : Teuvo Teravainen, Jeff Skinner - PK : Marcus Foligno
Extra Defensemen
Normal : Sean Zimmerman, Radko Gudas, Olli Maatta - PP : Will Butcher - PK : Radko Gudas, Olli Maatta
Penalty Shots
Steven Stamkos, Nikita Kucherov, Jason Zucker, Teuvo Teravainen, Andrew Cogliano

Scratches
None

Maple Leafs

5 vs 5 Forward 
   Center                   Left Wing                Right Wing               Time % Phy DF OF 
 1 Brayden Schenn           Claude Giroux            Patrick Kane             40     1   2  2  
 2 Logan Couture            Jake Guentzel            Pontus Aberg             30     1   2  2  
 3 Bo Horvat                Brandon Saad             Beau Bennett             20     1   2  2  
 4 Patrice Cormier          Tim Schaller             JT Compher               10     1   2  2  

5 vs 5 Defense 
   Defense                  Defense                                           Time % Phy DF OF 
 1 Hampus Lindholm          Zach Werenski                                     40     1   2  2  
 2 Jon Merrill              John Klingberg                                    30     1   2  2  
 3 Ryan Parent              Braydon Coburn                                    20     1   2  2  
 4 Hampus Lindholm          John Klingberg                                    10     1   2  2  

PowerPlay Forward 
   Center                   Left Wing                Right Wing               Time % Phy DF OF 
 1 Brayden Schenn           Claude Giroux            Patrick Kane             60     1   2  2  
 2 Bo Horvat                Jake Guentzel            Logan Couture            40     1   2  2  

PowerPlay Defense
   Defense                  Defense                                           Time % Phy DF OF 
 1 Hampus Lindholm          Zach Werenski                                     60     1   2  2  
 2 Jon Merrill              John Klingberg                                    40     1   2  2  

Penalty Kill 4 Players Forward 
   Center                   Wing                     Time % Phy DF OF 
 1 Brayden Schenn           Claude Giroux            60     1   2  2  
 2 Logan Couture            Jake Guentzel            40     1   2  2  

Penalty Kill 4 Players Defense
   Defense                  Defense                  Time % Phy DF OF 
 1 Jon Merrill              Braydon Coburn           60     1   2  2  
 2 Hampus Lindholm          John Klingberg           40     1   2  2  

Penalty Kill - 3 Players Forward 
   Forward                                           Time % Phy DF OF 
 1 Patrice Cormier                                   60     1   2  2  
 2 Logan Couture                                     40     1   2  2  

Penalty Kill - 3 Players Defense
   Defense                  Defense                  Time % Phy DF OF 
 1 Braydon Coburn           Jon Merrill              60     1   2  2  
 2 Hampus Lindholm          John Klingberg           40     1   2  2  

4 vs 4 Forward 
   Center                   Wing                     Time % Phy DF OF 
 1 Brayden Schenn           Claude Giroux            60     1   2  2  
 2 Logan Couture            Jake Guentzel            40     1   2  2  

4 vs 4 Defense
   Defense                  Defense                  Time % Phy DF OF 
 1 Hampus Lindholm          John Klingberg           60     1   2  2  
 2 Jon Merrill              Braydon Coburn           40     1   2  2  

Last Minutes Offensive
   Center                   Left Wing                Right Wing               Defense                  Defense                  
   Brayden Schenn           Claude Giroux            Patrick Kane             Hampus Lindholm          John Klingberg           

Last Minutes Defensive
   Center                   Left Wing                Right Wing               Defense                  Defense                  
   Brayden Schenn           Claude Giroux            Patrick Kane             Braydon Coburn           Jon Merrill              

Goaltenders
Starting : John Gibson              
Backup : Martin Jones             

Extra Forwards
Normal : Jake Guentzel, Patrick Kane, Bo Horvat - PP : Jake Guentzel, Logan Couture - PK : Jake Guentzel
Extra Defensemen
Normal : Braydon Coburn, Ryan Parent, Zach Werenski - PP : Braydon Coburn - PK : Braydon Coburn, Ryan Parent
Penalty Shots
Claude Giroux, Patrick Kane, Brayden Schenn, Bo Horvat, Jake Guentzel

Scratches
Andre Burakovsky (Suspend)

% Time on Ice - Penguins

Lines # - Real PCT - Wanted PCT - Time Play
Normal Forward
1 - 36% - 40% - 16:10
2 - 28% - 30% - 12:53
3 - 21% - 20% - 9:39
4 - 15% - 10% - 6:46
Normal Defense
1 - 40% - 40% - 18:13
2 - 33% - 30% - 14:49
3 - 23% - 20% - 10:25
4 - 4% - 10% - 2:01
PP Forward
1 - 34% - 60% - 0:53
2 - 66% - 40% - 1:45
PP Defense
1 - 42% - 60% - 1:07
2 - 58% - 40% - 1:31
PK Forward
1 - 76% - 60% - 9:06
2 - 24% - 40% - 2:48
PK Defense
1 - 71% - 60% - 8:25
2 - 29% - 40% - 3:29
PK3 Forward
1 - 0% - 60%
2 - 0% - 40%
PK3 Defense
1 - 0% - 60%
2 - 0% - 40%
44 Forward
1 - 0% - 60%
2 - 0% - 40%
44 Defense
1 - 0% - 60%
2 - 0% - 40%
Last Minute Offensive  - 0:00
Last Minute Defensive  - 0:00
Total
Forward - 60:00
Defense - 60:00

% Time on Ice - Maple Leafs

Lines # - Real PCT - Wanted PCT - Time Play
Normal Forward
1 - 39% - 40% - 17:57
2 - 27% - 30% - 12:10
3 - 17% - 20% - 7:35
4 - 17% - 10% - 7:46
Normal Defense
1 - 40% - 40% - 18:08
2 - 34% - 30% - 15:15
3 - 23% - 20% - 10:14
4 - 4% - 10% - 1:51
PP Forward
1 - 51% - 60% - 6:02
2 - 49% - 40% - 5:52
PP Defense
1 - 54% - 60% - 6:29
2 - 46% - 40% - 5:25
PK Forward
1 - 93% - 60% - 2:27
2 - 7% - 40% - 0:11
PK Defense
1 - 66% - 60% - 1:44
2 - 34% - 40% - 0:54
PK3 Forward
1 - 0% - 60%
2 - 0% - 40%
PK3 Defense
1 - 0% - 60%
2 - 0% - 40%
44 Forward
1 - 0% - 60%
2 - 0% - 40%
44 Defense
1 - 0% - 60%
2 - 0% - 40%
Last Minute Offensive  - 0:00
Last Minute Defensive  - 0:00
Total
Forward - 60:00
Defense - 60:00

Play-by-Play

1st period


0:01 of 1st period - Steven Stamkos wins face-off versus Brayden Schenn in neutral zone.
0:03 of 1st period - Off-side.
0:04 of 1st period - Brayden Schenn wins face-off versus Steven Stamkos in neutral zone.
0:12 of 1st period - Snap shot by Steven Stamkos.
0:12 of 1st period - Shot Misses the Net.
0:14 of 1st period - Snap shot by Andrew Cogliano.
0:14 of 1st period - Stopped by John Gibson with a rebound.
0:16 of 1st period - Slapshot by Sean Zimmerman.
0:16 of 1st period - Stopped by John Gibson with a rebound.
0:34 of 1st period - Snap shot by Jeff Skinner.
0:34 of 1st period - Stopped by John Gibson with a rebound.
0:36 of 1st period - Slapshot by Oliver Ekman-Larsson.
0:36 of 1st period - Shot Blocked by Zach Werenski.
1:01 of 1st period - Wrist shot by Lars Eller.
1:01 of 1st period - Stopped by John Gibson with a rebound.
1:03 of 1st period - Slapshot by Radko Gudas.
1:03 of 1st period - Shot Blocked by Hampus Lindholm.
1:35 of 1st period - Wrist shot by Steven Stamkos.
1:35 of 1st period - Shot Blocked by Zach Werenski.
1:37 of 1st period - Slapshot by Olli Maatta.
1:37 of 1st period - Shot Misses the Net.
1:39 of 1st period - Snap shot by Steven Stamkos.
1:39 of 1st period - Shot Misses the Net.
1:41 of 1st period - Slapshot by Olli Maatta.
1:41 of 1st period - Deflect By Steven Stamkos.
1:41 of 1st period - Shot Misses the Net.
1:41 of 1st period - Puck is out of play.
1:42 of 1st period - Patrice Cormier wins face-off versus Teuvo Teravainen in Maple Leafs zone.
2:05 of 1st period - Icing by John Klingberg.
2:06 of 1st period - Steven Stamkos wins face-off versus Patrice Cormier in Maple Leafs zone.
2:16 of 1st period - Icing by Will Butcher.
2:17 of 1st period - Brayden Schenn wins face-off versus Nikita Kucherov in Penguins zone.
2:44 of 1st period - Snap shot by Jason Zucker.
2:44 of 1st period - Shot Blocked by Brandon Saad.
2:46 of 1st period - Slapshot by Olli Maatta.
2:46 of 1st period - Stopped by John Gibson without a rebound.
2:47 of 1st period - Joe Colborne wins face-off versus Bo Horvat in Maple Leafs zone.
2:48 of 1st period - Slapshot by Jason Zucker.
2:48 of 1st period - Shot Blocked by John Klingberg.
3:10 of 1st period - Wrist shot by Bo Horvat.
3:10 of 1st period - Shot Misses the Net.
3:12 of 1st period - Snap shot by Beau Bennett.
3:12 of 1st period - Goal by Beau Bennett - Penguins : 0 - Maple Leafs : 1.
3:13 of 1st period - Derek Stepan wins face-off versus Brayden Schenn in neutral zone.
3:16 of 1st period - Patrick Kane is hit by Teuvo Teravainen and loses puck.
4:48 of 1st period - Wrist shot by Derek Stepan.
4:48 of 1st period - Stopped by John Gibson without a rebound.
4:49 of 1st period - Logan Couture wins face-off versus Steven Stamkos in Maple Leafs zone.
4:58 of 1st period - Wrist shot by Nikita Kucherov.
4:58 of 1st period - Shot Misses the Net.
6:00 of 1st period - Slapshot by Bo Horvat.
6:00 of 1st period - Stopped by Jacob Markstrom with a rebound.
6:55 of 1st period - Minor Penalty to Keith Aulie for Holding Stick.
6:56 of 1st period - Steven Stamkos wins face-off versus Brayden Schenn in Penguins zone.
7:32 of 1st period - Snap shot by Jake Guentzel.
7:32 of 1st period - Shot Misses the Net.
7:47 of 1st period - Icing by Claude Giroux.
7:48 of 1st period - Claude Giroux wins face-off versus Steven Stamkos in Maple Leafs zone.
8:55 of 1st period - Penalty to Keith Aulie is over, Keith Aulie is back on ice.
8:58 of 1st period - Radko Gudas is hit by Bo Horvat and loses puck.
9:13 of 1st period - Wrist shot by Derek Stepan.
9:13 of 1st period - Shot Misses the Net.
9:27 of 1st period - Marcus Foligno is hit by Beau Bennett and loses puck.
10:02 of 1st period - Tim Schaller is hit by Cal Clutterbuck and loses puck.
10:24 of 1st period - Braydon Coburn is hit by Derek Stepan and loses puck.
10:47 of 1st period - Keith Aulie is hit by Patrick Kane.
11:44 of 1st period - Wrist shot by Derek Stepan.
11:44 of 1st period - Stopped by John Gibson with a rebound.
11:58 of 1st period - Olli Maatta is hit by Hampus Lindholm and loses puck.
12:33 of 1st period - Wrist shot by Jason Zucker.
12:33 of 1st period - Shot Misses the Net.
12:35 of 1st period - Slapshot by Oliver Ekman-Larsson.
12:35 of 1st period - Stopped by John Gibson with a rebound.
12:37 of 1st period - Slapshot by Sean Zimmerman.
12:37 of 1st period - Deflect By Bo Horvat.
12:37 of 1st period - Stopped by John Gibson with a rebound.
12:57 of 1st period - Slapshot by Steven Stamkos.
12:57 of 1st period - Deflect By Andrew Cogliano.
12:57 of 1st period - Shot Blocked by Claude Giroux.
12:57 of 1st period - Puck is out of play.
12:58 of 1st period - Brayden Schenn wins face-off versus Steven Stamkos in Maple Leafs zone.
13:07 of 1st period - Snap shot by Patrick Kane.
13:07 of 1st period - Stopped by Jacob Markstrom without a rebound.
13:08 of 1st period - Claude Giroux wins face-off versus Steven Stamkos in Penguins zone.
13:09 of 1st period - Wrist shot by Patrick Kane.
13:09 of 1st period - Stopped by Jacob Markstrom without a rebound.
13:10 of 1st period - Brayden Schenn wins face-off versus Steven Stamkos in Penguins zone.
13:27 of 1st period - Slapshot by Nikita Kucherov.
13:27 of 1st period - Goal by Nikita Kucherov - Penguins : 1 - Maple Leafs : 1.
13:28 of 1st period - Brayden Schenn wins face-off versus Steven Stamkos in neutral zone.
13:59 of 1st period - Snap shot by Patrick Kane.
13:59 of 1st period - Shot Blocked by Sean Zimmerman.
14:19 of 1st period - Wrist shot by Jake Guentzel.
14:19 of 1st period - Shot Misses the Net.
14:21 of 1st period - Wrist shot by Beau Bennett.
14:21 of 1st period - Stopped by Jacob Markstrom with a rebound.
14:23 of 1st period - Snap shot by Bo Horvat.
14:23 of 1st period - Shot Blocked by Joe Colborne.
14:25 of 1st period - Wrist shot by Bo Horvat.
14:25 of 1st period - Stopped by Jacob Markstrom without a rebound.
14:26 of 1st period - Steven Stamkos wins face-off versus Brayden Schenn in Penguins zone.
14:28 of 1st period - Minor Penalty to Nikita Kucherov for Close Hand On Puck.
14:29 of 1st period - Brayden Schenn wins face-off versus Steven Stamkos in Penguins zone.
14:45 of 1st period - Slapshot by Cal Clutterbuck.
14:45 of 1st period - Shot Misses the Net.
14:55 of 1st period - Oliver Ekman-Larsson is hit by Logan Couture and loses puck.
15:24 of 1st period - Wrist shot by Marcus Foligno.
15:24 of 1st period - Shot Misses the Net.
16:10 of 1st period - Bo Horvat is hit by Sean Zimmerman and loses puck.
16:28 of 1st period - Penalty to Nikita Kucherov is over, Nikita Kucherov is back on ice.
16:40 of 1st period - Backhand shot by JT Compher.
16:40 of 1st period - Shot Misses the Net.
16:42 of 1st period - Slapshot by Ryan Parent.
16:42 of 1st period - Deflect By Steven Stamkos.
16:42 of 1st period - Stopped by Jacob Markstrom with a rebound.
16:44 of 1st period - Snap shot by JT Compher.
16:44 of 1st period - Stopped by Jacob Markstrom without a rebound.
16:45 of 1st period - Patrice Cormier wins face-off versus Derek Stepan in Penguins zone.
16:59 of 1st period - Snap shot by Patrice Cormier.
16:59 of 1st period - Stopped by Jacob Markstrom with a rebound.
17:01 of 1st period - Backhand shot by Patrice Cormier.
17:01 of 1st period - Maple Leafs goal is going for a video replay.
17:01 of 1st period - The goal is good.
17:01 of 1st period - Goal by Patrice Cormier - Penguins : 1 - Maple Leafs : 2.
17:02 of 1st period - Steven Stamkos wins face-off versus Brayden Schenn in neutral zone.
17:15 of 1st period - Wrist shot by Steven Stamkos.
17:15 of 1st period - Shot Blocked by Zach Werenski.
17:17 of 1st period - Wrist shot by Steven Stamkos.
17:17 of 1st period - Shot Misses the Net.
17:26 of 1st period - Icing by Zach Werenski.
17:27 of 1st period - Patrick Kane wins face-off versus Derek Stepan in Maple Leafs zone.
17:27 of 1st period - Patrick Kane is hit by Radko Gudas.
17:54 of 1st period - Hampus Lindholm is hit by Cal Clutterbuck and loses puck.
18:01 of 1st period - Keith Aulie is hit by Bo Horvat.
18:21 of 1st period - Wrist shot by Bo Horvat.
18:21 of 1st period - Shot Blocked by Sean Zimmerman.
18:29 of 1st period - Snap shot by Steven Stamkos.
18:29 of 1st period - Stopped by John Gibson without a rebound.
18:30 of 1st period - Brayden Schenn wins face-off versus Derek Stepan in Maple Leafs zone.
18:57 of 1st period - Andrew Cogliano is hit by Jake Guentzel and loses puck.
19:33 of 1st period - Wrist shot by Bo Horvat.
19:33 of 1st period - Stopped by Jacob Markstrom with a rebound.
19:47 of 1st period - Snap shot by Derek Stepan.
19:47 of 1st period - Deflect By Teuvo Teravainen.
19:47 of 1st period - Stopped by John Gibson without a rebound.
19:48 of 1st period - Derek Stepan wins face-off versus Brayden Schenn in Maple Leafs zone.
Goals for this period are 1 for Penguins vs 2 for Maple Leafs.
Shots for this period are 12 for Penguins vs 11 for Maple Leafs.

2nd period


0:01 of 2nd period - Brayden Schenn wins face-off versus Steven Stamkos in neutral zone.
0:04 of 2nd period - Wrist shot by Patrick Kane.
0:04 of 2nd period - Shot Misses the Net.
0:30 of 2nd period - Wrist shot by Bo Horvat.
0:30 of 2nd period - Goal by Bo Horvat - Penguins : 1 - Maple Leafs : 3.
0:31 of 2nd period - Steven Stamkos wins face-off versus Brayden Schenn in neutral zone.
0:48 of 2nd period - Wrist shot by Patrick Kane.
0:48 of 2nd period - Stopped by Jacob Markstrom with a rebound.
1:37 of 2nd period - Minor Penalty to Joe Colborne for Slashing.
1:38 of 2nd period - Steven Stamkos wins face-off versus Brayden Schenn in Penguins zone.
1:47 of 2nd period - Snap shot by Steven Stamkos.
1:47 of 2nd period - Stopped by John Gibson without a rebound.
1:48 of 2nd period - Brayden Schenn wins face-off versus Steven Stamkos in Maple Leafs zone.
2:03 of 2nd period - Slapshot by Patrick Kane.
2:03 of 2nd period - Deflect By Claude Giroux.
2:03 of 2nd period - Stopped by Jacob Markstrom with a rebound.
2:15 of 2nd period - Wrist shot by Hampus Lindholm.
2:15 of 2nd period - Deflect By Claude Giroux.
2:15 of 2nd period - Shot Blocked by Marcus Foligno.
2:15 of 2nd period - Puck is out of play.
2:16 of 2nd period - Logan Couture wins face-off versus Marcus Foligno in Penguins zone.
2:52 of 2nd period - Wrist shot by Logan Couture.
2:52 of 2nd period - Shot Misses the Net.
2:54 of 2nd period - Snap shot by Bo Horvat.
2:54 of 2nd period - Shot Misses the Net.
2:56 of 2nd period - Wrist shot by Jake Guentzel.
2:56 of 2nd period - Shot Misses the Net.
2:58 of 2nd period - Slapshot by Jon Merrill.
2:58 of 2nd period - Shot Misses the Net.
3:00 of 2nd period - Snap shot by Bo Horvat.
3:00 of 2nd period - Deflect By Logan Couture.
3:00 of 2nd period - Stopped by Jacob Markstrom with a rebound.
3:02 of 2nd period - Snap shot by Bo Horvat.
3:02 of 2nd period - Shot Misses the Net.
3:04 of 2nd period - Slapshot by John Klingberg.
3:04 of 2nd period - Stopped by Jacob Markstrom with a rebound.
3:06 of 2nd period - Slapshot by John Klingberg.
3:06 of 2nd period - Shot Blocked by Sean Zimmerman.
3:37 of 2nd period - Penalty to Joe Colborne is over, Joe Colborne is back on ice.
3:48 of 2nd period - Jake Guentzel is hit by Cal Clutterbuck and loses puck.
4:03 of 2nd period - Slapshot by Jon Merrill.
4:03 of 2nd period - Deflect By Joe Colborne.
4:03 of 2nd period - Stopped by Jacob Markstrom with a rebound.
4:51 of 2nd period - Wrist shot by Joe Colborne.
4:51 of 2nd period - Deflect By John Klingberg.
4:51 of 2nd period - Stopped by John Gibson without a rebound.
4:52 of 2nd period - Derek Stepan wins face-off versus Brayden Schenn in Maple Leafs zone.
5:19 of 2nd period - Hampus Lindholm is hit by Marcus Foligno and loses puck.
6:36 of 2nd period - Claude Giroux is hit by Andrew Cogliano and loses puck.
6:53 of 2nd period - Olli Maatta is hit by Tim Schaller and loses puck.
7:14 of 2nd period - Snap shot by Beau Bennett.
7:14 of 2nd period - Shot Misses the Net.
12:05 of 2nd period - Zach Werenski is hit by Sean Zimmerman and loses puck.
12:43 of 2nd period - Will Butcher is hit by Patrick Kane and loses puck.
12:50 of 2nd period - Brayden Schenn is hit by Joe Colborne and loses puck.
12:54 of 2nd period - Icing by Ryan Parent.
12:55 of 2nd period - Brayden Schenn wins face-off versus Derek Stepan in Maple Leafs zone.
12:57 of 2nd period - Icing by Braydon Coburn.
12:58 of 2nd period - Derek Stepan wins face-off versus Brayden Schenn in Maple Leafs zone.
12:59 of 2nd period - Wrist shot by Jeff Skinner.
12:59 of 2nd period - Shot Misses the Net.
13:01 of 2nd period - Wrist shot by Oliver Ekman-Larsson.
13:01 of 2nd period - Stopped by John Gibson without a rebound.
13:02 of 2nd period - Logan Couture wins face-off versus Teuvo Teravainen in Maple Leafs zone.
13:41 of 2nd period - Snap shot by Steven Stamkos.
13:41 of 2nd period - Shot Misses the Net.
13:43 of 2nd period - Snap shot by Steven Stamkos.
13:43 of 2nd period - Shot Misses the Net.
13:45 of 2nd period - Wrist shot by Steven Stamkos.
13:45 of 2nd period - Stopped by John Gibson without a rebound.
13:46 of 2nd period - Bo Horvat wins face-off versus Joe Colborne in Maple Leafs zone.
13:51 of 2nd period - Backhand shot by Cal Clutterbuck.
13:51 of 2nd period - Stopped by John Gibson without a rebound.
13:52 of 2nd period - Bo Horvat wins face-off versus Joe Colborne in Maple Leafs zone.
13:52 of 2nd period - Bo Horvat is hit by Cal Clutterbuck.
14:18 of 2nd period - Oliver Ekman-Larsson is hit by Logan Couture and loses puck.
14:29 of 2nd period - Snap shot by Logan Couture.
14:29 of 2nd period - Shot Blocked by Sean Zimmerman.
14:31 of 2nd period - Slapshot by Jake Guentzel.
14:31 of 2nd period - Stopped by Jacob Markstrom without a rebound.
14:32 of 2nd period - Brayden Schenn wins face-off versus Derek Stepan in Penguins zone.
14:39 of 2nd period - Wrist shot by Claude Giroux.
14:39 of 2nd period - Stopped by Jacob Markstrom with a rebound.
16:30 of 2nd period - Minor Penalty to Logan Couture for Slashing.
16:31 of 2nd period - Brayden Schenn wins face-off versus Steven Stamkos in Maple Leafs zone.
16:31 of 2nd period - Brayden Schenn is hit by Steven Stamkos.
16:58 of 2nd period - Braydon Coburn is hit by Jason Zucker and loses puck.
17:05 of 2nd period - Wrist shot by Teuvo Teravainen.
17:05 of 2nd period - Shot Blocked by Jon Merrill.
17:09 of 2nd period - Wrist shot by Jason Zucker.
17:09 of 2nd period - Goal by Jason Zucker - Penguins : 2 - Maple Leafs : 3.
17:10 of 2nd period - Steven Stamkos wins face-off versus Logan Couture in neutral zone.
17:25 of 2nd period - Snap shot by Andrew Cogliano.
17:25 of 2nd period - Shot Misses the Net.
17:27 of 2nd period - Wrist shot by Steven Stamkos.
17:27 of 2nd period - Shot Misses the Net.
17:59 of 2nd period - Slapshot by Sean Zimmerman.
17:59 of 2nd period - Stopped by John Gibson without a rebound.
18:00 of 2nd period - Cal Clutterbuck wins face-off versus Bo Horvat in Maple Leafs zone.
18:06 of 2nd period - Icing by Jon Merrill.
18:07 of 2nd period - Steven Stamkos wins face-off versus Bo Horvat in Maple Leafs zone.
18:22 of 2nd period - Wrist shot by Steven Stamkos.
18:22 of 2nd period - Shot Misses the Net.
18:34 of 2nd period - Snap shot by Claude Giroux.
18:34 of 2nd period - Shot Blocked by Keith Aulie.
18:36 of 2nd period - Wrist shot by Claude Giroux.
18:36 of 2nd period - Stopped by Jacob Markstrom without a rebound.
18:37 of 2nd period - Derek Stepan wins face-off versus Brayden Schenn in Penguins zone.
18:37 of 2nd period - Derek Stepan is hit by Hampus Lindholm.
18:50 of 2nd period - Off-side.
18:51 of 2nd period - Logan Couture wins face-off versus Steven Stamkos in neutral zone.
18:54 of 2nd period - Slapshot by John Klingberg.
18:54 of 2nd period - Stopped by Jacob Markstrom with a rebound.
19:23 of 2nd period - Slapshot by Braydon Coburn.
19:23 of 2nd period - Shot Misses the Net.
19:25 of 2nd period - Snap shot by Pontus Aberg.
19:25 of 2nd period - Stopped by Jacob Markstrom with a rebound.
19:27 of 2nd period - Snap shot by Jake Guentzel.
19:27 of 2nd period - Shot Misses the Net.
19:29 of 2nd period - Snap shot by Pontus Aberg.
19:29 of 2nd period - Deflect By Logan Couture.
19:29 of 2nd period - Goal by Logan Couture - Penguins : 2 - Maple Leafs : 4.
19:30 of 2nd period - Brayden Schenn wins face-off versus Steven Stamkos in neutral zone.
19:37 of 2nd period - Snap shot by Brayden Schenn.
19:37 of 2nd period - Stopped by Jacob Markstrom without a rebound.
19:38 of 2nd period - Steven Stamkos wins face-off versus Brayden Schenn in Penguins zone.
Goals for this period are 1 for Penguins vs 2 for Maple Leafs.
Shots for this period are 7 for Penguins vs 13 for Maple Leafs.

3rd period


0:01 of 3rd period - Brayden Schenn wins face-off versus Steven Stamkos in neutral zone.
0:04 of 3rd period - Andrew Cogliano is hit by Patrick Kane and loses puck.
0:15 of 3rd period - Slapshot by Nikita Kucherov.
0:15 of 3rd period - Deflect By Steven Stamkos.
0:15 of 3rd period - Shot Misses the Net.
0:15 of 3rd period - Puck is out of play.
0:16 of 3rd period - Logan Couture wins face-off versus Derek Stepan in Maple Leafs zone.
0:26 of 3rd period - Minor Penalty to Sean Zimmerman for Hooking.
0:27 of 3rd period - Brayden Schenn wins face-off versus Steven Stamkos in Penguins zone.
0:31 of 3rd period - Slapshot by Claude Giroux.
0:31 of 3rd period - Stopped by Jacob Markstrom without a rebound.
0:32 of 3rd period - Steven Stamkos wins face-off versus Brayden Schenn in Penguins zone.
1:06 of 3rd period - Wrist shot by Zach Werenski.
1:06 of 3rd period - Stopped by Jacob Markstrom with a rebound.
2:26 of 3rd period - Penalty to Sean Zimmerman is over, Sean Zimmerman is back on ice.
2:30 of 3rd period - Olli Maatta is hit by Bo Horvat and loses puck.
2:37 of 3rd period - Wrist shot by Joe Colborne.
2:37 of 3rd period - Deflect By Sean Zimmerman.
2:37 of 3rd period - Shot Misses the Net.
2:37 of 3rd period - Puck is out of play.
2:38 of 3rd period - Derek Stepan wins face-off versus Patrice Cormier in Maple Leafs zone.
2:41 of 3rd period - Snap shot by Jeff Skinner.
2:41 of 3rd period - Shot Blocked by Patrice Cormier.
2:45 of 3rd period - Wrist shot by Derek Stepan.
2:45 of 3rd period - Stopped by John Gibson without a rebound.
2:46 of 3rd period - Derek Stepan wins face-off versus Patrice Cormier in Maple Leafs zone.
2:49 of 3rd period - Slapshot by Teuvo Teravainen.
2:49 of 3rd period - Stopped by John Gibson without a rebound.
2:50 of 3rd period - Patrice Cormier wins face-off versus Steven Stamkos in Maple Leafs zone.
2:50 of 3rd period - Patrice Cormier is hit by Andrew Cogliano.
2:56 of 3rd period - Snap shot by JT Compher.
2:56 of 3rd period - Stopped by Jacob Markstrom without a rebound.
2:57 of 3rd period - Brayden Schenn wins face-off versus Steven Stamkos in Penguins zone.
3:02 of 3rd period - Snap shot by Patrick Kane.
3:02 of 3rd period - Stopped by Jacob Markstrom without a rebound.
3:03 of 3rd period - Steven Stamkos wins face-off versus Brayden Schenn in Penguins zone.
3:05 of 3rd period - Minor Penalty to Steven Stamkos for Diving.
3:06 of 3rd period - Brayden Schenn wins face-off versus Marcus Foligno in Penguins zone.
3:10 of 3rd period - Snap shot by Patrick Kane.
3:10 of 3rd period - Shot Misses the Net.
3:36 of 3rd period - Slapshot by Zach Werenski.
3:36 of 3rd period - Stopped by Jacob Markstrom without a rebound.
3:37 of 3rd period - Derek Stepan wins face-off versus Bo Horvat in Penguins zone.
4:04 of 3rd period - Andrew Cogliano is hit by Bo Horvat and loses puck.
4:15 of 3rd period - Wrist shot by Jake Guentzel.
4:15 of 3rd period - Shot Blocked by Keith Aulie.
4:49 of 3rd period - Claude Giroux is hit by Cal Clutterbuck and loses puck.
5:05 of 3rd period - Penalty to Steven Stamkos is over, Steven Stamkos is back on ice.
5:20 of 3rd period - Slapshot by JT Compher.
5:20 of 3rd period - Deflect By Keith Aulie.
5:20 of 3rd period - Shot Blocked by Keith Aulie.
5:20 of 3rd period - Puck is out of play.
5:21 of 3rd period - Patrice Cormier wins face-off versus Lars Eller in Penguins zone.
5:59 of 3rd period - Wrist shot by Patrice Cormier.
5:59 of 3rd period - Goal by Patrice Cormier - Penguins : 2 - Maple Leafs : 5.
6:00 of 3rd period - Brayden Schenn wins face-off versus Derek Stepan in neutral zone.
6:43 of 3rd period - Jake Guentzel is hit by Steven Stamkos and loses puck.
7:04 of 3rd period - Wrist shot by Joe Colborne.
7:04 of 3rd period - Stopped by John Gibson without a rebound.
7:05 of 3rd period - Brayden Schenn wins face-off versus Derek Stepan in Maple Leafs zone.
8:20 of 3rd period - Backhand shot by Joe Colborne.
8:20 of 3rd period - Deflect By Jason Zucker.
8:20 of 3rd period - Stopped by John Gibson without a rebound.
8:21 of 3rd period - Steven Stamkos wins face-off versus Brayden Schenn in Maple Leafs zone.
8:24 of 3rd period - Snap shot by Steven Stamkos.
8:24 of 3rd period - Stopped by John Gibson with a rebound.
8:50 of 3rd period - Wrist shot by Brayden Schenn.
8:50 of 3rd period - Stopped by Jacob Markstrom without a rebound.
8:51 of 3rd period - Derek Stepan wins face-off versus Logan Couture in Penguins zone.
9:03 of 3rd period - Slapshot by Hampus Lindholm.
9:03 of 3rd period - Stopped by Jacob Markstrom without a rebound.
9:03 of 3rd period - Minor Penalty to Jacob Markstrom for Delaying the game.
9:04 of 3rd period - Steven Stamkos wins face-off versus Brayden Schenn in Penguins zone.
10:21 of 3rd period - Oliver Ekman-Larsson is hit by Logan Couture and loses puck.
11:03 of 3rd period - Penalty to Teuvo Teravainen is over, Teuvo Teravainen is back on ice.
11:11 of 3rd period - Minor Penalty to Brandon Saad for Roughing.
11:12 of 3rd period - Brayden Schenn wins face-off versus Derek Stepan in Maple Leafs zone.
11:20 of 3rd period - Snap shot by Keith Aulie.
11:20 of 3rd period - Deflect By Jason Zucker.
11:20 of 3rd period - Shot Misses the Net.
11:20 of 3rd period - Puck is out of play.
11:21 of 3rd period - Derek Stepan wins face-off versus Brayden Schenn in Maple Leafs zone.
11:40 of 3rd period - Wrist shot by Derek Stepan.
11:40 of 3rd period - Shot Misses the Net.
11:52 of 3rd period - Snap shot by Teuvo Teravainen.
11:52 of 3rd period - Shot Blocked by Hampus Lindholm.
12:25 of 3rd period - Snap shot by Teuvo Teravainen.
12:25 of 3rd period - Shot Misses the Net.
12:39 of 3rd period - Snap shot by Derek Stepan.
12:39 of 3rd period - Deflect By Teuvo Teravainen.
12:39 of 3rd period - Shot Blocked by John Klingberg.
12:39 of 3rd period - Puck is out of play.
12:40 of 3rd period - Steven Stamkos wins face-off versus Bo Horvat in Maple Leafs zone.
12:53 of 3rd period - Snap shot by Steven Stamkos.
12:53 of 3rd period - Stopped by John Gibson with a rebound.
12:55 of 3rd period - Slapshot by Jeff Skinner.
12:55 of 3rd period - Shot Blocked by Jon Merrill.
12:57 of 3rd period - Slapshot by Oliver Ekman-Larsson.
12:57 of 3rd period - Shot Blocked by Jon Merrill.
13:11 of 3rd period - Penalty to Brandon Saad is over, Brandon Saad is back on ice.
13:13 of 3rd period - Slapshot by Jake Guentzel.
13:13 of 3rd period - Stopped by Jacob Markstrom with a rebound.
13:24 of 3rd period - Snap shot by Brandon Tanev.
13:24 of 3rd period - Shot Misses the Net.
13:26 of 3rd period - Wrist shot by Lars Eller.
13:26 of 3rd period - Stopped by John Gibson with a rebound.
13:42 of 3rd period - Jake Guentzel is hit by Olli Maatta and loses puck.
14:25 of 3rd period - Off-side.
14:26 of 3rd period - Patrice Cormier wins face-off versus Steven Stamkos in neutral zone.
14:33 of 3rd period - Slapshot by Tim Schaller.
14:33 of 3rd period - Stopped by Jacob Markstrom without a rebound.
14:34 of 3rd period - Nikita Kucherov wins face-off versus Brayden Schenn in Penguins zone.
14:34 of 3rd period - Nikita Kucherov is hit by Hampus Lindholm.
15:24 of 3rd period - Snap shot by Jason Zucker.
15:24 of 3rd period - Shot Blocked by John Klingberg.
15:26 of 3rd period - Wrist shot by Joe Colborne.
15:26 of 3rd period - Shot Blocked by Logan Couture.
15:28 of 3rd period - Snap shot by Joe Colborne.
15:28 of 3rd period - Shot Misses the Net.
15:30 of 3rd period - Snap shot by Cal Clutterbuck.
15:30 of 3rd period - Stopped by John Gibson with a rebound.
15:32 of 3rd period - Slapshot by Sean Zimmerman.
15:32 of 3rd period - Deflect By Joe Colborne.
15:32 of 3rd period - Deflect By Hampus Lindholm.
15:32 of 3rd period - Shot Blocked by Jake Guentzel.
15:32 of 3rd period - Puck is out of play.
15:33 of 3rd period - Derek Stepan wins face-off versus Brayden Schenn in Maple Leafs zone.
16:50 of 3rd period - Slapshot by Ryan Parent.
16:50 of 3rd period - Stopped by Jacob Markstrom with a rebound.
16:52 of 3rd period - Snap shot by Patrick Kane.
16:52 of 3rd period - Stopped by Jacob Markstrom without a rebound.
16:53 of 3rd period - Brayden Schenn wins face-off versus Brandon Tanev in Penguins zone.
19:00 of 3rd period - Snap shot by Teuvo Teravainen.
19:00 of 3rd period - Shot Misses the Net.
19:16 of 3rd period - Wrist shot by Nikita Kucherov.
19:16 of 3rd period - Stopped by John Gibson with a rebound.
19:18 of 3rd period - Snap shot by Keith Aulie.
19:18 of 3rd period - Shot Blocked by John Klingberg.
19:29 of 3rd period - Icing by John Klingberg.
19:30 of 3rd period - Pontus Aberg wins face-off versus Joe Colborne in Maple Leafs zone.
19:35 of 3rd period - Slapshot by Will Butcher.
19:35 of 3rd period - Shot Blocked by Jake Guentzel.
19:55 of 3rd period - Snap shot by Joe Colborne.
19:55 of 3rd period - Shot Misses the Net.
19:57 of 3rd period - Wrist shot by Joe Colborne.
19:57 of 3rd period - Shot Misses the Net.
19:59 of 3rd period - Snap shot by Cal Clutterbuck.
19:59 of 3rd period - Shot Misses the Net.
Goals for this period are 0 for Penguins vs 1 for Maple Leafs.
Shots for this period are 9 for Penguins vs 12 for Maple Leafs. Output by the SimonT Hockey Simulator (STHS) for Francois Prevost - Original Page W3C HTML5 Valid
Hockey Simulator - Hockey Simulation - Hockey Manager